 Dungeon Crawl Stone Soup version 0.30-a0-377-g5cb311bc9f (webtiles) character file.

Game seed: 14764154350208191542

1180 KennySheep the Skirmisher (level 7, -5/53 HPs)
             Began as a Demigod Hunter on Nov 29, 2022.
             Shot with an arrow by a centaur (8 damage)
             ... on level 6 of the Dungeon.
             The game lasted 00:07:52 (4609 turns).

KennySheep the Skirmisher (Demigod Hunter)          Turns: 4609, Time: 00:07:52

Health: -5/53      AC:  4    Str: 12    XL:     7   Next: 98%
Magic:  9/9        EV: 14    Int: 11    God:
Gold:   162        SH:  0    Dex: 25    Spells: 6/6 levels left

rFire   + . .      SeeInvis .    a - +0 shortbow
rCold   . . .      Faith    .    (shield currently unavailable)
rNeg    . . .      Spirit   .    v - +1 robe "Waqaih" {Harm rPois rF+}
rPois   +          Reflect  .    (no helmet)
rElec   .          Harm     +    (no cloak)
rCorr   .          Rampage  .    F - +0 pair of gloves
Will    .....                    (no boots)
Stlth   ++........               (no amulet)
HPRegen 0.28/turn                f - ring of flight
MPRegen 0.11/turn                w - ring of poison resistance

@: flying
A: high MP 1, forlorn, divine attributes
a: no special abilities


You were on level 6 of the Dungeon.
You visited 1 branch of the dungeon, and saw 6 of its levels.

You collected 210 gold pieces.
You spent 48 gold pieces at shops.

Inventory:

Hand Weapons
 a - a +0 shortbow (weapon)
 b - a +2 short sword of venom
Missiles
 D - a throwing net
Armour
 c - a +0 leather armour
 v - the +1 robe "Waqaih" (worn) {Harm rPois rF+}
   (You found it on level 4 of the Dungeon)

   rF:        It protects you from fire.
   rPois:     It protects you from poison.
   Harm:      It increases damage dealt and taken.
 F - a +0 pair of gloves (worn)
Jewellery
 f - a ring of flight (left hand)
 m - a +6 ring of intelligence
 r - a +6 ring of intelligence
 s - a ring of positive energy
 w - a ring of poison resistance (right hand)
Wands
 o - a wand of flame (23)
 z - a wand of mindburst (11)
Scrolls
 d - a scroll of enchant armour {unknown}
 g - a scroll of noise {unknown}
 h - 3 scrolls of teleportation
 i - a scroll of immolation
 j - 2 scrolls of identify
 k - a scroll of magic mapping {unknown}
 l - a scroll of blinking {unknown}
 t - a scroll of silence {unknown}
 y - a scroll of poison {unknown}
 A - a scroll of enchant weapon
 B - a scroll of butterflies
 E - a scroll of amnesia
Potions
 e - a potion of invisibility {unknown}
 n - 3 potions of curing {unknown}
 p - a potion of brilliance {unknown}
 q - 2 potions of magic {unknown}
 u - a potion of haste {unknown}
 x - a potion of attraction {unknown}
 C - a potion of might {unknown}


   Skills:
 - Level 1.7 Fighting
 * Level 9.2 Ranged Weapons
 + Level 3.6 Dodging
 - Level 0.8 Stealth


You had 6 spell levels left.
You didn't know any spells.
Your spell library contained the following spells:

 Spells                   Type           Power      Damage    Failure   Level
 Ignite Poison            Fire/Tmut/Pois 0%         N/A       71%         3
 Inner Flame              Hex/Fire       0%         N/A       71%         3
 Cause Fear               Hex            0%         N/A       98%         4
 Sticky Flame             Conj/Fire      0%         2d3       98%         4
 Discord                  Hex            0%         N/A       100%        8
 Ignition                 Fire           0%         3d3       100%        8


Dungeon Overview and Level Annotations

Branches:
Dungeon (6/15)             Temple (0/1) D:5

Shops:
D:1 [   D:2 *


Innate Abilities, Weirdness & Mutations

You have an increased reservoir of magic. (+10% MP)
You shall have no god before yourself.
Your divine heritage dramatically boosts your attributes as you level up.


Message History

A centaur comes into view.
The orc priest looks braver for a moment.
The orc warrior hits you with a +0 war axe!
You shoot an arrow. The arrow hits the orc warrior!
The orc warrior is almost dead.
The orc warrior barely misses you.
An orc comes into view. It is wielding a +0 mace.
You shoot an arrow.
The arrow hits the orc warrior but does no damage.
The orc warrior is almost dead.
The orc warrior closely misses you.
You shoot an arrow.
The arrow closely misses the orc warrior.
The arrow hits the orc priest!
You kill the orc priest!
The orc warrior closely misses you.
Your Ranged Weapons skill increases to level 9!
You shoot an arrow.
The arrow barely misses the orc warrior.
The arrow closely misses the orc.
The arrow hits the centaur.
The centaur is moderately wounded.
The orc warrior barely misses you.
You shoot an arrow. The arrow hits the orc warrior.
You kill the orc warrior!
The sentinel's mark upon you fades away.
You shoot an arrow. The arrow hits the orc!
You kill the orc!
The centaur wields a +0 shortbow.
The centaur shoots an arrow.
The arrow hits you.
The centaur shoots an arrow.
The arrow hits you!
* * * LOW HITPOINT WARNING * * *
You shoot an arrow. The arrow hits the centaur.
The centaur is moderately wounded.
The centaur shoots an arrow.
The arrow hits you!
* * * LOW HITPOINT WARNING * * *
An orc wizard comes into view. It is wielding a +1 dagger of flaming.
You shoot an arrow. The arrow hits the centaur.
The centaur is heavily wounded.
The centaur shoots an arrow.
The arrow closely misses you.
The centaur shoots an arrow.
The arrow hits you!
You die...

#<# #.###########
#............
############# ### #..
#.# #.# #@#..# ###
#)#..##.#.. ..#..
#)#..##.#.# #.#..
#c#..##.#.# #.#..
#o#..##.#.# #.#..
#.#..##.#.##.#.#..
#o#..#.......#.#..
######.#..#..#.####.#..
o.o)..........<.....>#..


You could see a centaur, an orc wizard and an orc.

Vanquished Creatures
  An orc warrior (D:6)
  A black bear (D:5)
  2 ogres (D:5)
  A scorpion (D:5)
  A necrophage (D:5)
  2 howler monkeys (D:4)
  2 hounds
  2 jellies
  2 orc priests
  2 gnoll boudas (D:4)
  Natasha (D:3)
  2 iguanas
  Terence (D:3)
  An orc wizard (D:5)
  10 gnolls
  3 adders
  A white imp (D:5)
  2 ufetubi
  4 worms
  A dart slug (D:2)
  18 orcs
  11 ball pythons
  4 bats
  9 endoplasms
  5 giant cockroaches
  9 goblins
  5 hobgoblins
  3 quokkas
  6 frilled lizards
  9 kobolds
  4 rats
125 creatures vanquished.

Notes
Turn   | Place    | Note
-------+----------+-------------------------------------------
     0 | D:1      | KennySheep the Demigod Hunter began the quest for the Orb.
     0 | D:1      | Reached XP level 1. HP: 17/17 MP: 3/3
    36 | D:1      | Reached skill level 4 in Ranged Weapons
    36 | D:1      | Reached XP level 2. HP: 8/24 MP: 4/4
   131 | D:1      | Found Waugujap's Antique Armour Boutique.
   337 | D:1      | Reached XP level 3. HP: 29/29 MP: 5/5
   779 | D:2      | Reached skill level 5 in Ranged Weapons
  1005 | D:2      | Found Wuoz's Assorted Antiques.
  1042 | D:2      | Bought a scroll labelled ONKULIGETHRO for 24 gold pieces
  1042 | D:2      | Bought a scroll labelled OLASE YREJ for 24 gold pieces
  1416 | D:3      | Reached XP level 4. HP: 36/36 MP: 6/6
  1592 | D:3      | Noticed Terence
  1599 | D:3      | Killed Terence
  1785 | D:3      | Noticed Natasha
  1795 | D:3      | Killed Natasha
  2195 | D:4      | Reached skill level 6 in Ranged Weapons
  2195 | D:4      | Reached XP level 5. HP: 27/41 MP: 7/7
  2558 | D:4      | Identified the +1 robe "Waqaih" {Harm rPois rF+}
  2598 | D:4      | Reached XP level 6. HP: 29/48 MP: 8/8
  2606 | D:4      | Reached skill level 7 in Ranged Weapons
  3102 | D:5      | Entered Level 5 of the Dungeon
  3330 | D:5      | Reached skill level 8 in Ranged Weapons
  3330 | D:5      | Reached XP level 7. HP: 53/53 MP: 9/9
  3643 | D:5      | Found a staircase to the Ecumenical Temple.
  4605 | D:6      | Reached skill level 9 in Ranged Weapons
  4609 | D:6      | Shot with an arrow by a centaur

Illustrated notes

Levels and vault maps discovered:
D:1:      amcnicky_arrival_flooded_fountain, layout_basic, serial_shops,
          nicolae_square_shop, minmay_splitting_lines, nicolae_grassy_gnolls
D:2:      layout_loops_ring, serial_shops, shop
D:3:      layout_loops_ring, mainiacjoe_overflow_alcove_2,
          nicolae_gozag_cash_rules_everything_around_me, uniq_natasha,
          uniq_terence
D:4:      layout_loops_ring, lemuel_doored_altar, mrwooster_statue_mirror,
          kennysheep_generic_room_12
D:5:      layout_basic, grunt_temple_overflow_growth_and_decay,
          mainiacjoe_overflow_small_starburst, kennysheep_mini_moat,
          minmay_temple_entry_waves, chequers_serial_rivers_small_b,
          grunt_ministairs_11, minmay_misc_feat_iff,
          chequers_serial_rivers_micro_b, st_stairs_10
D:6:      layout_basic, nicolae_tso_carved_into_rock, led_sif_book

Skill      XL: |  1  2  3  4  5  6  7 |
---------------+----------------------+-----
Ranged Weapons | 4 5 6 8 9 |  9.2
Dodging        | 2 3 |  3.6
Fighting       | |  1.7
Stealth        | |  0.8

Action                   |  1- 3 |  4- 6 |  7- 9 || total
-------------------------+-------+-------+-------++-------
 Fire: Shortbow          |   127 |   183 |   103 ||   413
  Use: Scroll            |       |       |     4 ||     4
Armor: Leather armour    |    12 |     7 |       ||    19
       Robe              |       |     8 |     5 ||    13
Dodge: Dodged            |    33 |    65 |    39 ||   137

Table legend: (Time is in decaauts)
 A = Elapsed time spent in this place.
 B = Non-inter-level travel time spent in this place.
 C = Inter-level travel time spent in this place.
 D = Time resting spent in this place.
 E = Time spent auto-exploring this place.
 F = Levels seen in this place.
 G = Mean time per level.
                   A        B        C        D        E       F      G
               +--------+--------+--------+--------+--------+-----+--------+
         Total |   4690 |   4513 |    177 |    520 |   3249 |   6 |  781.7 |
       Dungeon |   4690 |   4513 |    177 |    520 |   3249 |   6 |  781.7 |
               +--------+--------+--------+--------+--------+-----+--------+

Top non-repeatable levels by time:
     D:5: 1299 daAuts
     D:4: 944 daAuts
     D:3: 848 daAuts
     D:1: 755 daAuts
     D:2: 624 daAuts
     D:6: 218 daAuts
